TOP OF THE 1ST |
Seattle Pikes batting - Pitching for St Charles Sheens : RHP Bob Moss
|
Pitching: RHP Bob Moss
|
|
Batting: RHB Randy Sheppard
|
0-0: Ground out 5-3 (Groundball, 5S)
|
Batting: RHB Wallace Greene
|
0-0: SINGLE (Groundball, 6D)
|
Batting: RHB António Ortega
|
0-0: Ball Wallace Greene is caught stealing 2nd base 1-0: Swinging Strike 1-1: Foul Ball, location: 2F 1-2: Strikes out looking
|
Top of the 1st over - 0 run(s), 1 hit(s), 0 error(s), 0 left on base; Seattle 0 - St Charles 0 |
BOTTOM OF THE 1ST |
St Charles Sheens batting - Pitching for Seattle Pikes : RHP Jesús Suárez
|
Pitching: RHP Jesús Suárez
|
|
Batting: LHB Bob Ware
|
0-0: Foul Ball, location: 2F 0-1: Ball 1-1: Swinging Strike 1-2: Strikes out swinging
|
Batting: RHB Kel Pierce
|
0-0: Swinging Strike 0-1: Ball 1-1: Ball 2-1: Ball 3-1: Foul Ball, location: 2F 3-2: Strikes out swinging
|
Batting: LHB Jeff Carter
|
0-0: Called Strike 0-1: Ball 1-1: Swinging Strike 1-2: Ball 2-2: Ball 3-2: Strikes out swinging
|
Bottom of the 1st over - 0 run(s), 0 hit(s), 0 error(s), 0 left on base; Seattle 0 - St Charles 0 |
TOP OF THE 2ND |
Seattle Pikes batting - Pitching for St Charles Sheens : RHP Bob Moss
|
Batting: RHB Manuel Rico
|
0-0: Ball 1-0: Called Strike 1-1: Swinging Strike 1-2: Ball 2-2: Foul Ball, location: 2F 2-2: Foul Ball, location: 2F 2-2: Ball 3-2: Foul Ball, location: 2F 3-2: Foul Ball, location: 2F 3-2: Ground out 6-3 (Groundball, 6)
|
Batting: LHB Robinson Fernández
|
0-0: Foul Ball, location: 2F 0-1: Ball 1-1: Ground out 6-3 (Groundball, 6M)
|
Batting: RHB Rafael Rincón
|
0-0: Ground out 1-3 (Groundball, 25)
|
Top of the 2nd over - 0 run(s), 0 hit(s), 0 error(s), 0 left on base; Seattle 0 - St Charles 0 |
BOTTOM OF THE 2ND |
St Charles Sheens batting - Pitching for Seattle Pikes : RHP Jesús Suárez
|
Batting: RHB Max Rash
|
0-0: Foul Ball, location: 2F 0-1: Foul Ball, location: 2F 0-2: Ball 1-2: Ball 2-2: Foul Ball, location: 2F 2-2: DOUBLE (Flyball, 78XD) - OUT at third base trying to stretch hit.
|
Batting: RHB Júlio Figueroa
|
0-0: Ball 1-0: Ground out 5-3 (Groundball, 5)
|
Batting: RHB Alfredo Rivera
|
0-0: Called Strike 0-1: Fly out, F3 (Popup, 23)
|
Bottom of the 2nd over - 0 run(s), 1 hit(s), 0 error(s), 0 left on base; Seattle 0 - St Charles 0 |
TOP OF THE 3RD |
Seattle Pikes batting - Pitching for St Charles Sheens : RHP Bob Moss
|
Batting: LHB Bruno Lalonde
|
0-0: Foul Ball, location: 2F 0-1: Bunt for hit - play at first, batter OUT! 1-3
|
Batting: RHB Arthur Dumais
|
0-0: Foul Ball, location: 2F 0-1: Called Strike 0-2: Ball 1-2: Ball 2-2: Ground out 6-3 (Groundball, 6M)
|
Batting: SHB Jong-min Kim
|
0-0: Ball 1-0: Called Strike 1-1: Ball 2-1: Ball 3-1: Base on Balls
|
Batting: RHB Randy Sheppard
|
0-0: Foul Ball, location: 2F 0-1: Fly out, F7 (Flyball, 7D)
|
Top of the 3rd over - 0 run(s), 0 hit(s), 0 error(s), 1 left on base; Seattle 0 - St Charles 0 |
BOTTOM OF THE 3RD |
St Charles Sheens batting - Pitching for Seattle Pikes : RHP Jesús Suárez
|
Batting: SHB Richard Bowman
|
0-0: Called Strike 0-1: SINGLE (Line Drive, 8LS)
|
Batting: RHB Guo-xiu Choi
|
0-0: Called Strike 0-1: Ball 1-1: Ball 2-1: Ball 3-1: Foul Ball, location: 2F 3-2: Base on Balls Richard Bowman to second
|
Batting: LHB Marcos Cantú
|
0-0: Called Strike 0-1: Ball 1-1: Foul Ball, location: 2F 1-2: DOUBLE (Line Drive, 9LM) Richard Bowman scores Guo-xiu Choi to third Runner from 3rd tries for Home, SAFE, no throw or cutoff
|
Batting: LHB Bob Ware
|
0-0: Ball 1-0: Foul Ball, location: 2F 1-1: Ground out 3-1 (Groundball, 34) Marcos Cantú to third
|
Batting: RHB Kel Pierce
|
0-0: 2-RUN HOME RUN (Flyball, 8LXD), Distance : 457 ft
|
Batting: LHB Jeff Carter
|
0-0: Swinging Strike 0-1: SINGLE (Line Drive, 34D)
|
Batting: RHB Max Rash
|
0-0: Ball 1-0: Fly out, F8 (Flyball, 8RM)
|
Batting: RHB Júlio Figueroa
|
0-0: Called Strike 0-1: Ball 1-1: Foul Ball, location: 2F 1-2: Fielders Choice at 2nd, U6 (Groundball, 6M)
|
Bottom of the 3rd over - 4 run(s), 4 hit(s), 0 error(s), 1 left on base; Seattle 0 - St Charles 4 |
TOP OF THE 4TH |
Seattle Pikes batting - Pitching for St Charles Sheens : RHP Bob Moss
|
Batting: RHB Wallace Greene
|
0-0: Called Strike 0-1: Ball 1-1: Called Strike 1-2: Ball 2-2: Ball 3-2: Strikes out swinging
|
Batting: RHB António Ortega
|
0-0: Ball 1-0: Foul Ball, location: 2F 1-1: Swinging Strike 1-2: Strikes out looking
|
Batting: RHB Manuel Rico
|
0-0: Swinging Strike 0-1: Ball 1-1: Foul Ball, location: 2F 1-2: Foul Ball, location: 2F 1-2: Strikes out looking
|
Top of the 4th over - 0 run(s), 0 hit(s), 0 error(s), 0 left on base; Seattle 0 - St Charles 4 |
BOTTOM OF THE 4TH |
St Charles Sheens batting - Pitching for Seattle Pikes : RHP Jesús Suárez
|
Batting: RHB Alfredo Rivera
|
0-0: Ball 1-0: SINGLE (Line Drive, 34D)
|
Batting: SHB Richard Bowman
|
0-0: Grounds into double play, 4-6-3 (Groundball, 4)
|
Batting: RHB Guo-xiu Choi
|
0-0: Foul Ball, location: 2F 0-1: Foul Ball, location: 2F 0-2: Fly out, F9 (Flyball, 9S)
|
Bottom of the 4th over - 0 run(s), 1 hit(s), 0 error(s), 0 left on base; Seattle 0 - St Charles 4 |
TOP OF THE 5TH |
Seattle Pikes batting - Pitching for St Charles Sheens : RHP Bob Moss
|
Batting: LHB Robinson Fernández
|
0-0: Fly out, F5 (Popup, 5L)
|
Batting: RHB Rafael Rincón
|
0-0: Called Strike 0-1: Ball 1-1: Called Strike 1-2: Foul Ball, location: 2F 1-2: Strikes out swinging
|
Batting: LHB Bruno Lalonde
|
0-0: Ball 1-0: Foul Ball, location: 2F 1-1: Ball 2-1: Swinging Strike 2-2: Ground out 4-3 (Groundball, 4)
|
Top of the 5th over - 0 run(s), 0 hit(s), 0 error(s), 0 left on base; Seattle 0 - St Charles 4 |
BOTTOM OF THE 5TH |
St Charles Sheens batting - Pitching for Seattle Pikes : RHP Jesús Suárez
|
Batting: LHB Marcos Cantú
|
0-0: Ball 1-0: Foul Ball, location: 2F 1-1: Ball 2-1: Foul Ball, location: 2F 2-2: Strikes out looking
|
Batting: LHB Bob Ware
|
0-0: Ball 1-0: Ground out 4-3 (Groundball, 34)
|
Batting: RHB Kel Pierce
|
0-0: Called Strike 0-1: Ground out 5-3 (Groundball, 5L)
|
Bottom of the 5th over - 0 run(s), 0 hit(s), 0 error(s), 0 left on base; Seattle 0 - St Charles 4 |
TOP OF THE 6TH |
Seattle Pikes batting - Pitching for St Charles Sheens : RHP Bob Moss
|
Batting: RHB Arthur Dumais
|
0-0: Foul Ball, location: 2F 0-1: Ball 1-1: Ball 2-1: Called Strike 2-2: Ball 3-2: Strikes out swinging
|
Batting: SHB Jong-min Kim
|
0-0: Called Strike 0-1: Swinging Strike 0-2: Ball 1-2: DOUBLE (Line Drive, 9LM)
|
Batting: RHB Randy Sheppard
|
0-0: Called Strike 0-1: Swinging Strike 0-2: Ball 1-2: Ball 2-2: Ball 3-2: Ground out 4-3 (Groundball, 4) Jong-min Kim to third
|
Batting: RHB Wallace Greene
|
0-0: Ball 1-0: Ball 2-0: Foul Ball, location: 2F 2-1: Ground out 6-3 (Groundball, 6)
|
Top of the 6th over - 0 run(s), 1 hit(s), 0 error(s), 1 left on base; Seattle 0 - St Charles 4 |
BOTTOM OF THE 6TH |
St Charles Sheens batting - Pitching for Seattle Pikes : RHP Jesús Suárez
|
Batting: LHB Jeff Carter
|
0-0: Called Strike 0-1: Ball 1-1: Ball 2-1: Foul Ball, location: 2F 2-2: Ground out 4-3 (Groundball, 4)
|
Batting: RHB Max Rash
|
0-0: Foul Ball, location: 2F 0-1: Ball 1-1: Foul Ball, location: 2F 1-2: Ball 2-2: Fly out, F3 (Popup, 3L)
|
Batting: RHB Júlio Figueroa
|
0-0: Called Strike 0-1: SINGLE (Groundball, 6MD)
|
Batting: RHB Alfredo Rivera
|
0-0: Called Strike 0-1: Called Strike 0-2: Strikes out swinging
|
Bottom of the 6th over - 0 run(s), 1 hit(s), 0 error(s), 1 left on base; Seattle 0 - St Charles 4 |
TOP OF THE 7TH |
Seattle Pikes batting - Pitching for St Charles Sheens : RHP Bob Moss
|
Batting: RHB António Ortega
|
0-0: Called Strike 0-1: Ground out 6-3 (Groundball, 6M)
|
Batting: RHB Manuel Rico
|
0-0: Ground out 6-3 (Groundball, 6)
|
Batting: LHB Robinson Fernández
|
0-0: Ball 1-0: Called Strike 1-1: Foul Ball, location: 2F 1-2: Ball 2-2: Ball 3-2: Foul Ball, location: 2F 3-2: SINGLE (Groundball, 4MD)
|
Batting: RHB Rafael Rincón
|
0-0: DOUBLE (Line Drive, 5L) Robinson Fernández to third Runner from 3rd tries for Home, SAFE, throw made home
|
Batting: LHB Bruno Lalonde
|
0-0: Foul Ball, location: 2F 0-1: Ground out 5-3 (Groundball, 5S)
|
Top of the 7th over - 1 run(s), 2 hit(s), 0 error(s), 1 left on base; Seattle 1 - St Charles 4 |
BOTTOM OF THE 7TH |
St Charles Sheens batting - Pitching for Seattle Pikes : RHP Jesús Suárez
|
Batting: SHB Richard Bowman
|
0-0: Ball 1-0: Ball 2-0: Ball 3-0: Base on Balls
|
Pitching: RHP Ernesto Beltrán
|
|
Batting: RHB Guo-xiu Choi
|
0-0: Bunt missed! 0-1: Sac Bunt - play at second, runner OUT! 5-6
|
Batting: LHB Marcos Cantú
|
0-0: Called Strike 0-1: Ball 1-1: Ball 2-1: Called Strike 2-2: Fly out, F8 (Flyball, 89M)
|
Batting: LHB Bob Ware
|
0-0: Ball 1-0: Foul Ball, location: 2F 1-1: Ball Guo-xiu Choi steals 2nd base 2-1: Swinging Strike 2-2: Foul Ball, location: 2F 2-2: Ball 3-2: Fly out, F6 (Line Drive, 6)
|
Bottom of the 7th over - 0 run(s), 0 hit(s), 0 error(s), 1 left on base; Seattle 1 - St Charles 4 |
TOP OF THE 8TH |
Seattle Pikes batting - Pitching for St Charles Sheens : RHP Bob Moss
|
Batting: RHB Arthur Dumais
|
0-0: Ball 1-0: Fly out, F9 (Flyball, 9LS)
|
Batting: SHB Jong-min Kim
|
0-0: Foul Ball, location: 2F 0-1: Foul Ball, location: 2F 0-2: Ball 1-2: Ground out 6-3 (Groundball, 6)
|
Batting: RHB Randy Sheppard
|
0-0: SINGLE (Groundball, 6MD) (infield hit)
|
Batting: RHB Wallace Greene
|
0-0: Ball 1-0: Foul Ball, location: 2F 1-1: Ball 2-1: Swinging Strike 2-2: Foul Ball, location: 2F 2-2: Ball 3-2: Strikes out swinging
|
Top of the 8th over - 0 run(s), 1 hit(s), 0 error(s), 1 left on base; Seattle 1 - St Charles 4 |
BOTTOM OF THE 8TH |
St Charles Sheens batting - Pitching for Seattle Pikes : RHP Ernesto Beltrán
|
Batting: RHB Kel Pierce
|
0-0: Called Strike 0-1: Swinging Strike 0-2: Ground out 4-3 (Groundball, 4)
|
Batting: LHB Jeff Carter
|
0-0: Ball 1-0: Swinging Strike 1-1: Ball 2-1: Ball 3-1: Foul Ball, location: 2F 3-2: SINGLE (Line Drive, 89S)
|
Batting: RHB Max Rash
|
0-0: Called Strike 0-1: Fly out, F7 (Flyball, 7M)
|
Batting: RHB Júlio Figueroa
|
0-0: Ground out 5-3 (Groundball, 5)
|
Bottom of the 8th over - 0 run(s), 1 hit(s), 0 error(s), 1 left on base; Seattle 1 - St Charles 4 |
TOP OF THE 9TH |
Seattle Pikes batting - Pitching for St Charles Sheens : RHP Bob Moss
|
Pitching: RHP Juan Rivera
|
|
Batting: RHB António Ortega
|
0-0: Called Strike 0-1: Ball 1-1: Ball 2-1: Foul Ball, location: 2F 2-2: Foul Ball, location: 2F 2-2: Ball 3-2: Foul Ball, location: 2F 3-2: Strikes out looking
|
Batting: RHB Manuel Rico
|
0-0: Ball 1-0: Ball 2-0: SOLO HOME RUN (Flyball, 8LXD), Distance : 459 ft
|
Batting: LHB Robinson Fernández
|
0-0: Called Strike 0-1: Swinging Strike 0-2: Ball 1-2: Strikes out swinging
|
Batting: RHB Rafael Rincón
|
0-0: Called Strike 0-1: Foul Ball, location: 2F 0-2: Ball 1-2: Ball 2-2: Foul Ball, location: 2F 2-2: SINGLE (Flyball, 89S)
|
Pinch Hitting: LHB Luka Lagerweij
|
0-0: Called Strike 0-1: Called Strike 0-2: Foul Ball, location: 2F 0-2: SINGLE (Line Drive, 56D) Rafael Rincón to second
|
Batting: RHB Arthur Dumais
|
0-0: Swinging Strike 0-1: Called Strike 0-2: Ball 1-2: Strikes out looking
|
Top of the 9th over - 1 run(s), 3 hit(s), 0 error(s), 2 left on base; Seattle 2 - St Charles 4 |
|